Map: Deathaura LE

Players

Zaechus - Winner!

  • Race: Protoss Protoss
  • League: Diamond
  • Spawn Location: 11:00

Lcm

  • Race: Terran Terran
  • League: Diamond
  • Spawn Location: 5:00

VOD

Have the link to the VOD?

Description

Time

  • Played on: Aug. 3, 2020, 2:51 p.m.
  • Length: 6:43
Show
View Real Time Build Order
Export as new Build Order

Zaechus Protoss - Winner!

Build Orders: 1 Gate Expand 

Get SALT Encoding   

  12  0:00  Probe  
  13  0:12  Probe  
  14  0:17  Pylon  
  14  0:24  Probe (Chrono Boost)  
  15  0:36  Probe (Chrono Boost)  
  15  0:39  Gateway  
  16  0:44  Assimilator  
  16  0:46  Probe (Chrono Boost)  
  17  0:54  Probe  
  18  1:06  Probe  
  20  1:18  Probe  
  20  1:25  Nexus  
  20  1:38  Probe, Cybernetics Core  
  21  1:43  Assimilator  
  21  1:50  Probe  
  21  1:53  Pylon  
  22  2:03  Probe  
  23  2:11  Stalker (Chrono Boost), Probe  
  26  2:16  Warp Gate  
  26  2:19  Probe  
  26  2:29  Probe  
  27  2:34  Stalker  
  30  2:43  Twilight Council, Probe x2  
  31  2:55  Probe x2  
  31  2:57  Robotics Facility  
  33  3:07  Stalker, Probe  
  33  3:10  Probe  
  37  3:19  Probe  
  38  3:31  Charge (Chrono Boost)  
  38  3:40  Pylon  
  38  3:50  Pylon  
  38  3:53  Warp Prism  
  40  3:57  Gateway, Pylon  
  40  4:03  Gateway  
  40  4:05  Gateway  
  40  4:08  Shield Battery  
  40  4:15  Zealot  
  42  4:24  Gateway  
  42  4:26  Gateway  
  42  4:30  Probe  
  42  4:39  Gateway  
  42  4:41  Gateway  
  42  4:56  Pylon  
  42  4:59  Zealot x2, Pylon  
  46  5:00  Zealot  
  46  5:04  Pylon  
  46  5:05  Pylon  
  46  5:06  Zealot  
  50  5:26  Zealot x5  
  50  5:27  Zealot  
  62  5:50  Zealot x3  
  62  5:51  Zealot x5  
  76  6:11  Zealot x4  
  78  6:12  Zealot x4  
  88  6:32  Zealot x4  
  94  6:33  Zealot x3  
Show
View Real Time Build Order
Export as new Build Order

Lcm Terran 

Build Orders:  

Get SALT Encoding   

  12  0:00  SCV  
  13  0:14  Supply Depot  
  13  0:16  SCV  
  14  0:28  SCV  
  15  0:38  Barracks  
  15  0:41  SCV  
  16  0:46  Refinery  
  16  0:53  SCV  
  17  1:05  SCV  
  18  1:17  SCV  
  19  1:29  SCV  
  20  1:35  Reaper  
  21  1:40  Command Center  
  21  1:48  Orbital Command  
  21  2:02  Supply Depot  
  21  2:16  SCV, Factory  
  21  2:17  Refinery  
  22  2:26  Barracks Reactor  
  22  2:30  SCV  
  23  2:42  SCV  
  24  2:54  SCV  
  24  2:56  Bunker, Orbital Command  
  25  3:04  Starport, Marine x2  
  27  3:07  Factory Tech Lab  
  27  3:09  SCV  
  28  3:33  Siege Tank  
  31  3:35  SCV x2  
  33  3:44  Starport Tech Lab  
  33  3:47  Barracks  
  33  3:48  Marine x2  
  35  3:58  SCV x2  
  37  4:05  Supply Depot  
  37  4:08  Siege Tank  
  40  4:10  Marine x2  
  40  4:16  SCV  
  40  4:17  SCV  
  44  4:30  SCV x2  
  45  4:38  Barracks Tech Lab  
  45  4:43  Raven  
  45  4:44  Marine x2  
  49  4:52  Supply Depot  
  49  4:53  SCV x2  
  49  4:54  Command Center  
  49  4:57  Refinery x2  
  49  4:59  Engineering Bay  
  51  5:00  Engineering Bay  
  51  5:05  SCV x2  
  55  5:14  Marauder  
  55  5:16  Supply Depot  
  55  5:17  SCV x2  
  57  5:26  Marine x2  
  59  5:29  SCV x2  
  61  5:38  Marauder  
  61  5:41  Supply Depot  
  63  5:43  Marine  
  63  5:46  Marine  
  64  5:59  Marauder  
  64  6:01  Marine  
  57  6:04  Marine  
  57  6:10  Siege Tank  
  48  6:19  Marine  
  48  6:21  Marauder  
  48  6:22  Marine  
Tags
 
Add a new tag
Caveats
  • Supply blocks, unpowered buildings, or Contaminate may cause inaccurate times.
  • Supply counts are checked every 10 seconds.